 Dungeon Crawl Stone Soup version 0.27.1 (webtiles) character file.

Game seed: 15959994438209829012

7 H0rd4k the Caller (level 2, 0/19 HPs)
             Began as a Barachi Summoner on Sept 1, 2021.
             Hit by a stone thrown by a kobold (2 damage)
             ... on level 1 of the Dungeon.
             The game lasted 00:00:38 (408 turns).

H0rd4k the Caller (Barachi Summoner)                 Turns: 408, Time: 00:00:38

Health: 0/19       AC:  2    Str:  9    XL:     2   Next: 0%
Magic:  3/5        EV: 12    Int: 15    God:
Gold:   33         SH:  0    Dex: 12    Spells: 4/5 levels left

rFire    . . .     SeeInvis .   (no weapon)
rCold    . . .     Faith    .   (no shield)
rNeg     . . .     Spirit   .   a - +0 robe
rPois    .         Reflect  .   (no helmet)
rElec    .         Harm     .   (no cloak)
rCorr    .         Rampage  .   (no gloves)
Will     .....                  (no boots)
Stlth    ++........             (no amulet)
HPRegen  0.06/turn              (no ring)
MPRegen  0.09/turn              (no ring)

@: slow
A: amphibious, slowness 1, strong legs 1, +LOS
a: Hop


You were on level 1 of the Dungeon.
You visited 1 branch of the dungeon, and saw 1 of its levels.

You collected 33 gold pieces.

Inventory:

Armour
 a - a +0 robe (worn)
Scrolls
 b - a scroll of acquirement {unknown}


   Skills:
 + Level 2.4 Dodging
 - Level 1.7 Stealth
 * Level 2.3 Spellcasting
 * Level 5.0 Summonings


You had 4 spell levels left.
You knew the following spells:

 Your Spells              Type           Power      Damage    Failure   Level
a - Summon Small Mammal   Summ           68%        N/A       2%          1

Your spell library contained the following spells:

 Spells                   Type           Power      Damage    Failure   Level
 Call Imp                 Summ           17%        N/A       4%          2
 Call Canine Familiar     Summ           17%        N/A       8%          3
 Summon Guardian Golem    Hex/Summ       9%         N/A       22%         3
 Summon Lightning Spire   Summ/Air       9%         N/A       58%         4


Dungeon Overview and Level Annotations

Branches:
Dungeon (1/15)

Altars:


Innate Abilities, Weirdness & Mutations

You are amphibious.
You cover ground slowly.
You can hop short distances.
You have an extended range of vision and can be seen from far away.


Message History

A kobold is nearby!
A kobold is nearby!
You are too injured to fight recklessly!
Unknown command.
The kobold barely misses you. x2
You see here a dart slug corpse.
You closely miss the kobold.
The kobold is heavily wounded.
The kobold misses you.
You hit the kobold but do no damage.
The kobold is moderately wounded.
The kobold barely misses you.
You are too injured to fight recklessly!
You are too injured to fight recklessly!
You are too injured to fight recklessly!
You are too injured to fight recklessly!
You are too injured to fight recklessly!
You are too injured to fight recklessly!
The kobold barely misses you.
Casting: Summon Small Mammal (safe; 2% risk of failure)
Confirm with . or Enter, or press ? or * to list all spells.
The kobold hits you with a +0 club.
* * * LOW HITPOINT WARNING * * *
You are too injured to fight recklessly!
You are too injured to fight recklessly!
You are too injured to fight recklessly!
You are too injured to fight recklessly!
You are too injured to fight recklessly!
You are too injured to fight recklessly!
The kobold barely misses you.
You see here a dart slug corpse.
The kobold closely misses you.
You swap places.
The kobold barely misses you.
Your rat bites the kobold but does no damage.
The kobold hits you with a +0 club.
* * * LOW HITPOINT WARNING * * *
Your rat barely misses the kobold.
The kobold barely misses you.
Your rat closely misses the kobold.
The kobold throws a stone.
The stone hits you.
You die...

#.# ##......###.#.#### #.#
#.......# #....... #.#
#.......######'### #.#
#.####.###........ #.# #.#
#............ #.# #.#
#.###........ #.####.# #..
#.......†
####.†rK..######.#........
#........@.......#.#####.#
#..........#######. #..
#..........# # ##.
#..........# .
############ . ##### #....
#.... #....


You could see a kobold (ally target) and a friendly rat (summoned).

Vanquished Creatures
  2 frilled lizards (D:1)
2 creatures vanquished.

Vanquished Creatures (collateral kills)
  A dart slug (D:1)
  A bat (D:1)
  2 hobgoblins (D:1)
  2 rats (D:1)
6 creatures vanquished.

Grand Total: 8 creatures vanquished

Notes
Turn   | Place    | Note
-------+----------+-------------------------------------------
     0 | D:1      | H0rd4k the Barachi Summoner began the quest for the Orb.
     0 | D:1      | Reached XP level 1. HP: 13/13 MP: 3/3
    80 | D:1      | Reached skill level 5 in Summonings
   396 | D:1      | Reached XP level 2. HP: 8/19 MP: 3/5
   408 | D:1      | Hit by a stone thrown by a kobold

Illustrated notes

Levels and vault maps discovered:
D:1:      lightli_arrival_boilingwater, layout_basic

Skill      XL: |  1 |
---------------+----+-----
Summonings     | 5 |  5.0
Dodging        | |  2.4
Stealth        | |  1.7
Spellcasting   | |  2.3

Action                   || total
-------------------------++-------
Melee: Unarmed           ||    29
 Cast: Summon Small Mamm ||    16
Armor: Robe              ||     7
Dodge: Dodged            ||    36
